 Dungeon Crawl Stone Soup version 0.24.0-37-gcf1ca852f1 (webtiles) character file.

Game seed: 10130341601110303891, levelgen mode: deterministic

15251 grindst0ne the Slicer (level 12, -6/81 HPs)
             Began as a Kobold Berserker on Dec 4, 2019.
             Was a High Priest of Trog.
             Killed from afar by a frost giant (52 damage)
             ... with a bolt of cold
             ... in an ice cave.
             The game lasted 00:27:51 (11544 turns).

grindst0ne the Slicer (Kobold Berserker)           Turns: 11544, Time: 00:27:52

Health: -6/81      AC:  6    Str: 14    XL:     12   Next: 55%
Magic:  12/12      EV: 25    Int: 12    God:    Trog [*****.]
Gold:   901        SH:  0    Dex: 16    Spells: 11/11 levels left

rFire    . . .     SeeInvis .   g - +0 dagger (venom)
rCold    . . .     Gourm    .   (shield restricted)
rNeg     . . .     Faith    .   K - +0 troll leather armour
rPois    .         Spirit   .   k - +0 helmet
rElec    .         Reflect  .   E - scarf {cloud immunity}
rCorr    +         Harm     .   (no gloves)
MR       ++...                  (no boots)
Stlth    +.........             F - amulet of regeneration
HPRegen  2.03/turn              r - +1 ring of evasion
MPRegen  0.13/turn              t - ring of resist corrosion

@: regenerating
A: small, carnivore
a: Berserk, Trog's Hand, Brothers in Arms, Renounce Religion


You were in an ice cave.
You worshipped Trog.
Trog was extremely pleased with you.
You were full.

You visited 2 branches of the dungeon, and saw 12 of its levels.
You also visited: Ossuary and Ice Cave.

You collected 901 gold pieces.

Inventory:

Hand Weapons
 g - a +0 dagger of venom (weapon)
 C - a +0 rapier
 I - a +4 short sword of protection
Missiles
 B - 5 atropa-tipped darts
 D - a throwing net
 M - 2 datura-tipped darts (quivered)
Armour
 k - a +0 helmet (worn)
 E - a scarf of cloud immunity (worn)
 J - a +2 cloak of magic resistance
 K - a +0 troll leather armour (worn)
 O - a +0 cloak of poison resistance
Jewellery
 b - an uncursed ring of flight
 r - a +1 ring of evasion (left hand)
 t - a ring of resist corrosion (right hand)
 F - an amulet of regeneration (around neck)
Wands
 h - a wand of iceblast (3)
 A - a wand of paralysis (4)
Scrolls
 d - 4 scrolls of remove curse
 f - a scroll of blinking {unknown}
 i - 2 scrolls of noise {unknown}
 j - a scroll of random uselessness {unknown}
 p - a scroll of enchant armour {unknown}
 s - a scroll of fear
 u - 2 scrolls of immolation {unknown}
 x - a scroll of teleportation {unknown}
 y - a scroll of acquirement {unknown}
 H - 2 scrolls of fog {unknown}
 P - a scroll of silence
Potions
 a - 2 potions of agility {unknown}
 l - a potion of cancellation
 m - 2 potions of heal wounds
 n - 2 potions of berserk rage
 o - 2 potions of curing
 q - 2 potions of degeneration {unknown}
 w - 2 potions of magic
 z - a potion of brilliance {unknown}
 G - 2 potions of invisibility {unknown}
 L - 3 potions of mutation {unknown}
 N - a potion of haste {unknown}
Comestibles
 c - 12 rations
 v - 9 chunks of flesh


   Skills:
 + Level 11.9 Fighting
 + Level 13.8 Short Blades
 - Level 6.0 Armour
 + Level 12.5 Dodging


You had 11 spell levels left.
You didn't know any spells.
Your spell library contained the following spells:

 Spells                   Type           Power        Failure   Level  Hunger
 Animate Skeleton         Necr           N/A          38%         1    ##.....
 Apportation              Tloc           #.....       38%         1    ##.....
 Confusing Touch          Hex            #.....       38%         1    ##.....
 Pain                     Necr           #...         38%         1    ##.....
 Summon Small Mammal      Summ           #...         38%         1    ##.....
 Regeneration             Chrm/Necr      #.........   77%         3    ####...
 Vampiric Draining        Necr           #.........   77%         3    ####...
 Animate Dead             Necr           N/A          99%         4    #####..


Dungeon Overview and Level Annotations

Branches:
Dungeon (11/15)            Temple (1/1) D:6            Lair (0/6) D:11
    Orc (0/2) D:10        Ossuary (visited)           IceCv (1/1)

Altars:
Ashenzari
Cheibriados
Dithmenos
Elyvilon
Fedhas
Gozag
Hepliaklqana
Kikubaaqudgha
Makhleb
Nemelex Xobeh
Okawaru
Qazlal
Ru
Sif Muna
Trog
Uskayaw
Vehumet
Wu Jian
Xom
Yredelemnul
Zin
The Shining One

Annotations:
D:6 exclusion: downstairs
D:7 2 transporters


Innate Abilities, Weirdness & Mutations

You are small and have problems with some larger weapons.
You are carnivorous and can eat meat at any time.


Message History

Your ogre rages.
Some of the chunks of flesh in your inventory have rotted away.
You feel the effects of Trog's Hand fading.
The frost giant gestures at you while chanting.
The bolt of cold hits your ogre!! The bolt of cold misses you.
Your ogre hits the frost giant with a +0 giant spiked club!!
Your ogre goes berserk!
The frost giant barely misses your ogre.
Your ogre hits the frost giant with a +0 giant spiked club.
Your ogre hits the frost giant with a +0 giant spiked club!!
The frost giant hits your ogre with a +2 battleaxe of freezing!!!
The frost giant freezes your ogre!
Your ogre dies!
Your ogre's corpse disappears in a puff of smoke!
Your ogre rages.
Your ogre barely misses the frost giant.
The frost giant casts a spell at your ogre.
The bolt of cold hits your ogre!!! The bolt of cold hits you!!!
Ouch! That really hurt!
You die...

######## #######
##......## ##......
##..@###÷.####.....##
#..⌠..###...#....####
##...## ###...####
###O.# #######..##≈≈
#.C####C.####[#.##≈
###h†#.##..#.#.≈≈≈≈
###C#####h.##.#≈≈ ###
###...##≈ ###..##


You could see a frost giant, a polar bear and a friendly ogre (berserk).

Vanquished Creatures
  A two-headed ogre (D:8)
  A death yak (IceCv)
  Maurice (D:9)
  A rime drake (IceCv)
  10 polar bears (IceCv)
  A hornet (D:10)
  2 trolls (D:10)
  2 hippogriffs (D:7)
  A vampire (D:10)
  17 yaks
  2 hungry ghosts
  A soldier ant (D:10)
  A water moccasin (D:11)
  A black bear (D:11)
  9 ice beasts
  An orc warrior (D:7)
  A phantom (D:5)
  3 sky beasts
  11 wolves (IceCv)
  6 ogres
  6 centaurs
  2 crocodiles
  An elf zombie (Ossuary)
  7 bullfrogs
  A gnoll sergeant (D:7)
  2 scorpions
  24 killer bees
  8 wights
  2 howler monkeys
  A crimson imp (D:8)
  A human zombie (Ossuary)
  A bullfrog zombie (D:11)
  5 hounds
  13 orc wizards
  4 orc priests
  3 bullfrog skeletons
  An iguana (D:10)
  12 worker ants
  5 big kobold zombies (Ossuary)
  A hound skeleton (D:6)
  2 mummies (Ossuary)
  Robin (D:2)
  9 gnolls
  9 adders
  5 shadow imps
  2 oozes
  An adder skeleton (D:5)
  An adder zombie (D:8)
  2 worms
  A dart slug (D:2)
  7 leopard geckos
  38 orcs
  4 giant cockroaches
  17 goblins
  13 hobgoblins
  8 jackals
  7 quokkas
  10 bats
  12 frilled lizards
  3 goblin zombies (Ossuary)
  2 hobgoblin zombies (Ossuary)
  2 jackal skeletons (D:4)
  3 kobolds
  2 orc zombies (Ossuary)
  A quokka skeleton (D:8)
  5 rats
  A plant (D:3)
341 creatures vanquished.

Vanquished Creatures (collateral kills)
  An ice statue (IceCv)
  A polar bear (IceCv)
  A yak (IceCv)
  A wolf (IceCv)
4 creatures vanquished.

Vanquished Creatures (others)
  2 wolves (IceCv)
  3 fungi (D:11)
5 creatures vanquished.

Grand Total: 350 creatures vanquished

Notes
Turn   | Place    | Note
-------+----------+-------------------------------------------
     0 | D:1      | grindst0ne the Kobold Berserker began the quest for the
                  | Orb.
     0 | D:1      | Reached XP level 1. HP: 14/14 MP: 1/1
   387 | D:1      | Reached XP level 2. HP: 19/19 MP: 2/2
   803 | D:1      | Reached XP level 3. HP: 23/24 MP: 3/3
  1001 | D:2      | Reached ** piety under Trog
  1035 | D:2      | Noticed Robin
  1068 | D:2      | Reached XP level 4. HP: 5/29 MP: 4/4
  1079 | D:2      | Killed Robin
  1079 | D:2      | Reached skill level 5 in Short Blades
  1889 | D:3      | Reached XP level 5. HP: 33/33 MP: 5/5
  2600 | D:3      | Found a bloodstained altar of Trog.
  2743 | D:3      | Reached *** piety under Trog
  3014 | D:3      | Found a burning altar of Makhleb.
  3015 | D:3      | Found a blossoming altar of Fedhas.
  3152 | D:4      | Reached XP level 6. HP: 40/40 MP: 6/6
  3213 | D:4      | Reached skill level 5 in Fighting
  3213 | D:4      | Reached skill level 6 in Short Blades
  3442 | D:4      | Noticed an ogre
  3449 | D:4      | Killed an ogre
  3449 | D:4      | Reached skill level 5 in Dodging
  3449 | D:4      | Reached XP level 7. HP: 38/44 MP: 7/7
  3929 | D:5      | Entered Level 5 of the Dungeon
  3995 | D:5      | Reached **** piety under Trog
  3995 | D:5      | Reached XP level 8. HP: 41/51 MP: 8/8
  4120 | D:5      | Reached skill level 7 in Short Blades
  4273 | D:5      | Found a glowing golden altar of the Shining One.
  4447 | D:5      | Found a glowing silver altar of Zin.
  4530 | D:5      | Received a gift from Trog
  4980 | D:6      | Reached XP level 9. HP: 42/56 MP: 9/9
  5007 | D:6      | Found a bloodstained altar of Trog.
  5079 | D:6      | Reached skill level 8 in Short Blades
  5155 | D:6      | Reached skill level 5 in Armour
  5600 | D:6      | Found a staircase to the Ecumenical Temple.
  5617 | Temple   | Entered the Ecumenical Temple
  5971 | D:7      | Found a transporter.
  6121 | D:7      | Noticed a hippogriff
  6133 | D:7      | Killed a hippogriff
  6693 | D:7      | Reached skill level 9 in Short Blades
  6707 | D:7      | Reached XP level 10. HP: 64/64 MP: 10/10
  6723 | D:7      | Reached ***** piety under Trog
  6723 | D:7      | Received a gift from Trog
  6947 | D:7      | Found a transporter.
  7136 | D:8      | Found a sacrificial altar of Ru.
  7156 | D:8      | Found a sand-covered staircase.
  7203 | Ossuary  | Entered an ossuary
  7500 | D:8      | Found an iron altar of Okawaru.
  7592 | D:8      | Noticed a two-headed ogre
  7597 | D:8      | Reached skill level 10 in Short Blades
  7606 | D:8      | Killed a two-headed ogre
  8067 | D:9      | Noticed Maurice
  8104 | D:9      | Killed Maurice
  8480 | D:9      | Found a white marble altar of Elyvilon.
  8561 | D:9      | Reached skill level 11 in Short Blades
  8722 | D:9      | Reached XP level 11. HP: 71/71 MP: 11/11
  8746 | D:9      | Reached skill level 10 in Dodging
  8896 | D:10     | Entered Level 10 of the Dungeon
  9078 | D:10     | Paralysed by a hornet for 2 turns
  9083 | D:10     | Reached skill level 10 in Fighting
  9252 | D:10     | Received a gift from Trog
  9334 | D:10     | Found a staircase to the Orcish Mines.
  9364 | D:10     | Reached skill level 12 in Short Blades
 10332 | D:11     | Found a frozen archway.
 10351 | IceCv    | Entered an ice cave
 10715 | IceCv    | Reached XP level 12. HP: 71/80 MP: 12/12
 10790 | IceCv    | Reached skill level 13 in Short Blades
 11500 | IceCv    | Noticed a frost giant
 11500 | IceCv    | Noticed a death yak
 11536 | IceCv    | Killed a death yak
 11544 | IceCv    | Killed from afar by a frost giant

Levels and vault maps discovered:
D:1:      dpeg_arrival_arbitrary_b, layout_basic
D:2:      layout_basic, st_stairs_10, uniq_robin
D:3:      wad_woods_settlement, layout_basic, gammafunk_temple_overflow_pools,
          trog_book
D:4:      layout_gridville
D:5:      layout_rooms, zin_academy, tso_oasis_becter, first_ration
D:6:      layout_loops_ring, temple_green, basic_altar
D:7:      gammafunk_steamed_eel, layout_gridville
D:8:      layout_cave_pools, old_standard_altar, nicolae_ru_awakened_eye,
          serial_column_ruins, column_ruins_grid_1,
          column_ruins_columns_straight, column_ruins_corridor_corner,
          column_ruins_grid_2, column_ruins_open_small, column_ruins_open_tiny,
          enter_ossuary_3
D:9:      layout_loops_cross, elyvilon_altar_3, uniq_maurice
D:10:     wad_pebble_path, layout_loops_cross
D:11:     layout_roguey, grunt_lair_entry_orc_guard_hut,
          portal_ice_cave_entry_ice_beasts
Temple:   bh_familiar_temple
IceCv:    ice_cave_caverns_02

Skill      XL: |  1  2  3  4  5  6  7  8  9 10 11 12 |
---------------+-------------------------------------+-----
Dodging        | 3 4 5 6 7 9 11 12 | 12.5
Fighting       | 4 5 6 7 9 11 | 11.9
Short Blades   | 5 6 7 9 11 12 13 | 13.8
Armour         | 2 3 4 6 |  6.0

Action                   |  1- 3 |  4- 6 |  7- 9 | 10-12 || total
-------------------------+-------+-------+-------+-------++-------
Melee: Short sword       |    29 |       |       |   138 ||   167
       Dagger            |    64 |   275 |   457 |  1170 ||  1966
       Rapier            |       |       |       |     3 ||     3
Throw: Dart              |       |       |       |     6 ||     6
Invok: Berserk           |     3 |     7 |    19 |    25 ||    54
       Trog's Hand       |       |       |       |     3 ||     3
       Brothers in Arms  |       |       |       |     4 ||     4
Evoke: Wand              |       |       |       |    12 ||    12
  Use: Potion            |     1 |       |       |     2 ||     3
       Scroll            |       |     4 |     1 |     5 ||    10
 Stab: Paralysed         |       |       |       |     1 ||     1
  Eat: Chunk             |    11 |    14 |    27 |    43 ||    95
       Ration            |       |       |       |     2 ||     2
Armor: Animal skin       |     2 |       |       |       ||     2
       Ring mail         |    18 |    48 |    66 |    67 ||   199
       Troll leather arm |       |       |       |    63 ||    63
Dodge: Dodged            |    67 |   149 |   272 |   848 ||  1336
